AoeStats
← Vollbusige

Black Forest

505890574Analyzed
2v2 RM · 22d ago on Sep 11, 2026· 42m 34s· 4 players
Game mode
Random Map
Map size
Medium (4 player)
Population
200
Speed
Normal
Resources
Standard
Victory
Conquest
Starting age
Dark Age
Ending age
Imperial Age
RankedLock teamsTeams togetherTeam positionsShared explorationLock speedFull tech treeHidden civsTurbo modeCheats
Victory
Defeat
🇩🇪 Celts · Germany
964
+12
🇩🇪 Bohemians · Germany
873
+16
🇪🇸 Persians · Spain
883
-14
🇨🇿 Malians · Czechia
866
-14
Sakuneti Le-Preckson
1:08 Loom
12:21 Feudal Age
12:51 Double-Bit Axe
12:49 Horse Collar
16:25 Stone Mining
18:56 Castle Age
17:30 Gold Mining
19:35 Bow Saw
19:27 Heavy Plow
Zlodusnik_cz
0:30 Loom
14:37 Feudal Age
15:04 Double-Bit Axe
21:52 Castle Age
20:34 Horse Collar
23:39 Scale Mail Armor
23:50 Forging
27:43 Gold Mining
29:14 Wheelbarrow
29:40 Man-at-Arms
31:33 Long Swordsman
32:35 Heavy Plow
33:12 Gold Shaft Mining
32:51 Bow Saw
34:09 Hand Cart
34:30 Chain Mail Armor
34:52 Squires
34:39 Arson
35:10 Town Watch
37:32 Iron Casting
41:24 Imperial Age
Bongoboy
11:10 Feudal Age
12:23 Loom
13:28 Double-Bit Axe
13:27 Horse Collar
15:53 Castle Age
15:52 Forging
15:43 Scale Mail Armor
16:53 Man-at-Arms
20:11 Wheelbarrow
26:02 Hand Cart
27:44 Bow Saw
28:38 Town Watch
28:56 Heavy Plow
28:55 Gold Mining
28:56 Stone Mining
31:08 Caravan
35:57 Imperial Age
35:27 Chain Mail Armor
35:50 Iron Casting
35:08 Gambesons
34:44 Long Swordsman
34:45 Pikeman
35:12 Arson
36:05 Two-Handed Swordsman
36:06 Halberdier
36:12 Capped Ram
37:28 Conscription
37:05 Stronghold
37:59 Plate Mail Armor
38:30 Blast Furnace
38:42 Gold Shaft Mining
38:43 Stone Shaft Mining
38:09 Siege Ram
38:28 Champion
Vollbusige
12:29 Feudal Age
12:55 Double-Bit Axe
12:53 Horse Collar
19:40 Castle Age
26:53 Fishing Lines
33:12 Chemistry
40:00 Imperial Age
38:02 Bow Saw
Connection lost

Rejoining the realm…

Still unreachable

The connection could not be restored.

Session expired

The server has moved on; the page needs a fresh start.